 Dungeon Crawl Stone Soup version 0.28.0 (webtiles) character file.

Game seed: 6566815456545732446

45 MacCMillion the Chopper (level 3, -2/49 HPs)
             Began as a Minotaur Berserker on Feb 6, 2022.
             Was a Follower of Trog.
             Slain by Natasha (8 damage)
             ... on level 2 of the Dungeon.
             The game lasted 00:03:22 (1459 turns).

MacCMillion the Chopper (Minotaur Berserker)        Turns: 1459, Time: 00:03:23

Health: -2/49      AC:  2    Str: 23    XL:     3   Next: 42%
Magic:  2/2        EV: 12    Int:  4    God:    Trog [*.....]
Gold:   48         SH:  0    Dex:  9    Spells: 2/2 levels left

rFire   . . .      SeeInvis .   a - +0 hand axe
rCold   . . .      Faith    .   (no shield)
rNeg    . . .      Spirit   .   b - +0 animal skin
rPois   .          Reflect  .   (helmet restricted)
rElec   .          Harm     .   (no cloak)
rCorr   .          Rampage  .   (no gloves)
Will    .....                   (no boots)
Stlth   ..........              (no amulet)
HPRegen 0.16/turn               (no ring)
MPRegen 0.08/turn               (no ring)

@: berserking, slowed
A: horns 2, retaliatory headbutt
a: Renounce Religion, Berserk


You were on level 2 of the Dungeon.
You worshipped Trog.
Trog was aware of your devotion.
You visited 1 branch of the dungeon, and saw 2 of its levels.

You collected 48 gold pieces.

Inventory:

Hand Weapons
 a - a +0 hand axe (weapon)
 g - the +7 falchion "Nuloir Kyamn" {flame, rElec rCorr}
   (You found it on level 2 of the Dungeon)

   It burns those it strikes, dealing additional fire damage.
   Big, fiery blades are also staple armaments of hydra-hunters.
   rElec:     It insulates you from electricity.
   rCorr:     It protects you from acid and corrosion.
Armour
 b - a +0 animal skin (worn)
Scrolls
 f - a scroll of identify {unknown}
 h - a scroll of magic mapping {unknown}
Potions
 c - a potion of attraction {unknown}
 d - a potion of might {unknown}
 e - a potion of lignification {unknown}


   Skills:
 + Level 4.1 Fighting
 + Level 4.1 Axes
 + Level 3.1 Armour
 + Level 2.8 Dodging


You had 2 spell levels left.
You didn't know any spells.
Your spell library was empty.

Dungeon Overview and Level Annotations

Branches:
Dungeon (2/15)

Altars:

Shops:
D:1 [

Annotations:
D:2 Natasha


Innate Abilities, Weirdness & Mutations

You have a pair of horns on your head.
You reflexively headbutt those who attack you in melee.


Message History

Natasha is almost dead.
You closely miss the crimson imp. Natasha claws you.
The crimson imp barely misses you.
Natasha mumbles some strange words.
The crimson imp hits you but does no damage.
Unknown command.
You hit Natasha.
Natasha is almost dead.
You hit the crimson imp. x2; Natasha drinks a potion.
Natasha is healed!
The crimson imp blinks!
The crimson imp picks up a beetle and eats it.
The crimson imp hits you but does no damage.
You barely miss Natasha. Your headbutt misses Natasha. You hit the crimson imp.
Natasha closely misses you. The crimson imp hits you.
Natasha barely misses you. The crimson imp closely misses you.
Unknown command.
You barely miss Natasha. Your headbutt misses Natasha.
You punch Natasha, but do no damage. You hit the crimson imp.
You closely miss the crimson imp. Natasha claws you!
The crimson imp hits you. x2
Natasha claws you.
* * * LOW HITPOINT WARNING * * *
The crimson imp closely misses you.
The crimson imp blinks!
Unknown command.
A red film seems to cover your vision as you go berserk!
You feel yourself moving faster!
You feel mighty! Natasha barely misses you. The crimson imp hits you.
* * * LOW HITPOINT WARNING * * *
Unknown command.
You hit Natasha. Your headbutt misses Natasha.
Natasha is moderately wounded.
You slash the crimson imp!
You kill the crimson imp!
The crimson imp disappears in a puff of smoke!
Natasha claws you.
* * * LOW HITPOINT WARNING * * *
The crimson imp blinks!
You closely miss Natasha.
Natasha is moderately wounded.
Natasha claws you!
You die...

#########.######..#
#.........# ##.##
#.........# ##..#
#.........# ##..##
#.........###..##
#.........#.<.##
######...........###
#......h.>.......##
......####.@..........######
...## #..........#....... .
..#..#.####.#.......
........... #.#.......
...§...5...#.##.##......
..........##.##..#......
......≈≈..##.###........
.....≈..≈.##.........[..
##..##5######


You could see Natasha and a crimson imp (summoned).

Vanquished Creatures
  Natasha (D:2)
  2 bats
  2 endoplasms (D:1)
  2 giant cockroaches
  A goblin (D:2)
  3 hobgoblins (D:1)
  A kobold (D:1)
  A quokka (D:1)
  2 ball pythons
  2 frilled lizards
  A rat (D:2)
18 creatures vanquished.

Notes
Turn   | Place    | Note
-------+----------+-------------------------------------------
     0 | D:1      | MacCMillion the Minotaur Berserker began the quest for the
                  | Orb.
     0 | D:1      | Reached XP level 1. HP: 19/19 MP: 0/0
   438 | D:1      | Reached XP level 2. HP: 24/27 MP: 1/1
   737 | D:1      | Found Deexkuon's Antique Armour Emporium.
  1137 | D:2      | Identified the +7 falchion "Nuloir Kyamn" {flame, rElec
                  | rCorr}
  1137 | D:2      | Noticed Natasha
  1141 | D:2      | Noticed a crimson imp
  1152 | D:2      | Noticed a crimson imp
  1380 | D:2      | Killed Natasha
  1381 | D:2      | Reached XP level 3. HP: 33/33 MP: 2/2
  1440 | D:2      | Noticed Natasha
  1459 | D:2      | Slain by Natasha

Illustrated notes

Levels and vault maps discovered:
D:1:      scummos_arrival_simple_crosswalls, layout_basic, serial_shops,
          nicolae_shop_hallway_plus
D:2:      cheibrodos_helix_gallery, layout_rooms, grunt_ministairs_14,
          minmay_vboxes, uniq_terence, uniq_natasha

Skill      XL: |  1  2 |
---------------+-------+-----
Fighting       | 4 |  4.1
Axes           | 4 |  4.1
Armour         | 3 |  3.1
Dodging        | |  2.8

Action                   || total
-------------------------++-------
Melee: Hand axe          ||    61
       Headbutt          ||     3
       Punch             ||     1
Invok: Berserk           ||     2
Armor: Animal skin       ||    11
Dodge: Dodged            ||    52
